 Dungeon Crawl Stone Soup version 0.31-a0-977-gc230f8ef24 (webtiles) character file.

Game seed: 16522592889031008944

2076 Dirtsage the Martial Artist (level 9, -20/61 HPs)
             Began as an Octopode Shapeshifter on Oct 29, 2023.
             Was an Initiate of Wu Jian.
             Killed from afar by an acid dragon (34 damage)
             ... with a splash of acid
             ... on level 7 of the Dungeon.
             The game lasted 00:10:02 (5244 turns).

Dirtsage the Martial Artist (Octopode Shapeshifter) Turns: 5244, Time: 00:10:03

Health: -20/61     AC: -3    Str: 19    XL:     9   Next: 26%
Magic:  0/9        EV: 13    Int: 13    God:    Wu Jian [......]
Gold:   219        SH:  4    Dex: 15    Spells: 8/8 levels left

rFire   . .          .
                       - Unarmed
rCold   . . .        h - +0 buckler
rNeg    . . .        (helmet currently unavailable)
rPois   .            j - amulet of guardian spirit
rElec   .            f - +4 ring of protection
rCorr   .            k - +6 ring of strength
SInv    .            (no ring)
Will    .....        (no ring)
Stlth   ++           (no ring)
HPRegen 0.30/turn    (no ring)
MPRegen 0.11/turn    (no ring)
                     (no ring)

%: guardian spirit
@: about to teleport, beast-form, corroded
A: beast (slay +4), almost no armour, amphibious, 8 rings, camouflage 1,
gelatinous body 1, (nimble swimmer 1), tentacles
a: Begin Untransformation, Renounce Religion


You were on level 7 of the Dungeon.
You worshipped Wu Jian.
Wu Jian was noncommittal.
You were a hulking beast.
You visited 2 branches of the dungeon, and saw 8 of its levels.

You collected 219 gold pieces.

Inventory:

Armour
 h - a +0 buckler (worn)
Magical Staves
 i - a staff of air
Jewellery
 f - a +4 ring of protection (left tentacle)
 j - an amulet of guardian spirit (around mantle)
 k - a +6 ring of strength (right tentacle)
 p - an amulet of magic regeneration
Talismans
 b - a beast talisman
 c - a flux talisman
 x - a beast talisman
 z - a serpent talisman
Wands
 q - a wand of flame (10)
 A - a wand of polymorph (10)
Scrolls
 a - a scroll of noise
 g - a scroll of brand weapon
 o - 2 scrolls of immolation
 t - a scroll of fog
 y - a scroll of vulnerability
Potions
 d - a potion of ambrosia {unknown}
 e - 2 potions of brilliance {unknown}
 m - 2 potions of attraction {unknown}
 n - a potion of invisibility {unknown}
 r - a potion of curing {unknown}
 v - a potion of degeneration {unknown}
 w - a potion of mutation {unknown}


   Skills:
 + Level 5.2 Fighting
 - Level 2.0 Dodging
 * Level 8.2 Unarmed Combat
 * Level 7.5 Shapeshifting


You had 8 spell levels left.
You didn't know any spells.
Your spell library contained the following spells:

 Spells                   Type           Power      Damage    Failure   Level
 Tukima's Dance           Hex            0%         N/A       75%         3
 Passage of Golubria      Tloc           0%         N/A       98%         4
 Yara's Violent Unravell  Hex/Tmut       0%         3d3       100%        5


Dungeon Overview and Level Annotations

Branches:
Dungeon (7/15)             Temple (1/1) D:5

Altars:
Dithmenos
Elyvilon
Fedhas
Gozag
Hepliaklqana
Kikubaaqudgha
Makhleb
Nemelex Xobeh
Okawaru
Qazlal
Sif Muna
Trog
Uskayaw
Vehumet
Wu Jian
Yredelemnul
Zin
The Shining One

Annotations:
D:6 Jeremiah


Innate Abilities, Weirdness & Mutations

You are a hulking beast.
Your limbs bulge with bestial killing power. (Slay +4)
You cannot wear most types of armour.
You are amphibious.
You can wear up to eight rings at the same time.
Your skin changes colour to match your surroundings (Stealth+).
Your rubbery body absorbs attacks. (AC +1, EV +1)
((You are camouflaged when in or above water. (Stealth+)))
You have tentacles for arms and can constrict up to eight enemies at once.


Message History

* * * LOW HITPOINT WARNING * * *
The acid corrodes you!
You take 22 damage, and have 4/61 hp.
MASSIVE DAMAGE!!
You now have 1/9 mp.
It was a potion of heal wounds.
You feel much better.
l - 2 potions of heal wounds;
p - an amulet of magic regeneration The acid dragon bites you!
* * * LOW HITPOINT WARNING * * *
The acid dragon completely misses you.
You regained 11 hp, and now have 15/61 hp.
Okay, then.
You feel much better. The acid dragon spits acid at you.
The splash of acid hits you!! The acid corrodes you!
You regained 8 hp, and now have 23/61 hp.
You now have 0/9 mp.
As you read the scroll labelled QENEYDI WELIAMO, it crumbles to dust.
You hear a loud clanging noise!
It was a scroll of noise.
The acid dragon bites you!
* * * LOW HITPOINT WARNING * * *
The acid dragon claws you.
* * * LOW HITPOINT WARNING * * *
You take 17 damage, and have 6/61 hp.
MASSIVE DAMAGE!!
You feel much better. The acid dragon bites you.
The acid dragon closely misses you.
You regained 15 hp, and now have 21/61 hp.
The acid dragon attacks as it pursues you!
The acid dragon bites you. You block the acid dragon's attack.
You take 2 damage, and have 19/61 hp.
As you read the scroll labelled DUUNEO JENATILOO, it crumbles to dust.
It is a scroll of amnesia.
You feel forgetful for a moment. The acid dragon barely misses you.
The acid dragon claws you.
* * * LOW HITPOINT WARNING * * *
You take 5 damage, and have 14/61 hp.
As you read the scroll labelled HEUT TEIKKIXO, it crumbles to dust.
You feel strangely unstable.
It was a scroll of teleportation.
The acid dragon spits acid at you. The splash of acid hits you!!
Ouch! That really hurt!
You die...

#. ##.#.# # #....#
#.#..# #....#
##.#.# # ##
#.###.#.# ...
##.###.......#
....#...######.###
........Dh.....#
.###...########
##.## ##


You could see an acid dragon (inner flame, catching breath).

Vanquished Creatures
  Eustachio (D:5)
  A steam dragon (D:7)
  An ice beast (D:6)
  A black bear (D:6)
  2 ogres
  2 centaurs
  3 phantoms
  2 bullfrogs
  7 scorpions
  A howler monkey (D:6)
  5 hounds
  An orc priest (D:5)
  A jelly (D:4)
  A sleepcap (D:6)
  4 iguanas
  7 adders
  A shadow imp (D:6)
  A white imp (D:5)
  A worm (D:2)
  A dart slug (D:1)
  11 orcs
  4 endoplasms
  A giant cockroach (D:1)
  4 goblins
  6 hobgoblins
  A quokka (D:4)
  5 ball pythons
  5 bats
  4 frilled lizards
  6 kobolds
  5 rats
96 creatures vanquished.

Notes
Turn   | Place    | Note
-------+----------+-------------------------------------------
     0 | D:1      | Dirtsage the Octopode Shapeshifter began the quest for the
                  | Orb.
     0 | D:1      | Reached XP level 1. HP: 13/13 MP: 1/1
   176 | D:1      | Reached XP level 2. HP: 18/18 MP: 2/2
   481 | D:2      | Reached XP level 3. HP: 18/23 MP: 3/3
  1249 | D:3      | Reached XP level 4. HP: 22/29 MP: 2/4
  1946 | D:4      | Reached skill level 4 in Unarmed Combat
  2040 | D:4      | Noticed an ogre
  2051 | D:4      | Killed an ogre
  2052 | D:4      | Reached XP level 5. HP: 35/35 MP: 3/5
  2255 | D:4      | Reached XP level 6. HP: 39/41 MP: 6/6
  2383 | D:4      | Found a glowing silver altar of Zin.
  2513 | D:5      | Entered Level 5 of the Dungeon
  2576 | D:5      | Reached skill level 5 in Unarmed Combat
  2644 | D:5      | Reached skill level 5 in Shapeshifting
  2653 | D:5      | Reached XP level 7. HP: 46/46 MP: 7/7
  2917 | D:5      | Noticed Eustachio
  2963 | D:5      | Killed Eustachio
  2964 | D:5      | Reached skill level 6 in Unarmed Combat
  3162 | D:5      | Reached XP level 8. HP: 54/54 MP: 8/8
  3253 | D:5      | Found a staircase to the Ecumenical Temple.
  3262 | Temple   | Entered the Ecumenical Temple
  3335 | Temple   | Became a worshipper of the Wu Jian Council
  4084 | D:6      | Reached skill level 7 in Unarmed Combat
  4410 | D:6      | Noticed Jeremiah
  4650 | D:6      | Reached XP level 9. HP: 60/60 MP: 9/9
  4851 | D:6      | Reached skill level 5 in Fighting
  4979 | D:7      | Reached skill level 8 in Unarmed Combat
  5244 | D:7      | Killed from afar by an acid dragon

Illustrated notes

Levels and vault maps discovered:
D:1:      mrwooster_arrival_statue_3, layout_basic
D:2:      layout_basic, hangedman_decor_lopped
D:3:      layout_basic
D:4:      layout_basic, lemuel_tele_altar
D:5:      layout_layer_cave, lemuel_temple_firewalk_b, uniq_eustachio
D:6:      layout_basic, uniq_jeremiah
D:7:      lemuel_ratsnest, layout_loops_corners, ebering_ghost_disaster_area
Temple:   minmay_temple_bridge_d

Skill      XL: |  1  2  3  4  5  6  7  8  9 |
---------------+----------------------------+-----
Unarmed Combat | 4 5 6 7 8 |  8.2
Fighting       | 2 3 4 5 |  5.2
Shapeshifting  | 4 5 7 |  7.5
Dodging        | |  2.0

Action                     |  1- 3 |  4- 6 |  7- 9 || total
---------------------------+-------+-------+-------++-------
  Melee: Unarmed           |    62 |    42 |    95 ||   199
         Constrict         |    14 |     8 |    21 ||    43
         Tentacles         |     7 |    10 |    35 ||    52
         Punch             |     2 |     2 |     6 ||    10
Ability: Lunge             |       |       |    11 ||    11
  Evoke: Wand              |       |     5 |    12 ||    17
    Use: Potion            |       |     1 |     3 ||     4
         Scroll            |       |       |     7 ||     7
   Stab: Sleeping          |     7 |     3 |     6 ||    16
 Armour: Skin              |    20 |    17 |    53 ||    90
  Dodge: Dodged            |    25 |    19 |    48 ||    92
  Block: Buckler           |     3 |     2 |     8 ||    13

Table legend: (Time is in decaauts)
 A = Elapsed time spent in this place.
 B = Non-inter-level travel time spent in this place.
 C = Inter-level travel time spent in this place.
 D = Time resting spent in this place.
 E = Time spent auto-exploring this place.
 F = Levels seen in this place.
 G = Mean time per level.
                   A        B        C        D        E       F      G
               +--------+--------+--------+--------+--------+-----+--------+
         Total |   5231 |   4941 |    290 |      0 |   4169 |   8 |  653.9 |
       Dungeon |   5084 |   4938 |    146 |      0 |   4169 |   7 |  726.3 |
        Temple |    146 |      2 |    144 |      0 |      0 |   1 |  146.0 |
               +--------+--------+--------+--------+--------+-----+--------+

Top non-repeatable levels by time:
     D:5: 1262 daAuts
     D:6: 1012 daAuts
     D:2: 790 daAuts
     D:3: 729 daAuts
     D:4: 609 daAuts
     D:1: 378 daAuts
     D:7: 302 daAuts
  Temple: 146 daAuts
